 Dungeon Crawl Stone Soup version 0.31-a0-934-gf4fcaacff8 (webtiles) character file.

Game seed: 6796832746850367603

7672 Malachi the Mimic (level 10, -7/72 (79) HPs)
             Began as a Demonspawn Delver on Oct 20, 2023.
             Was an Initiate of Yredelemnul.
             Mangled by Sonja
             ... wielding a +0 short sword of venom
              (9 damage)
             ... on level 10 of the Dungeon.
             The game lasted 00:27:57 (13196 turns).

Malachi the Mimic (Demonspawn Delver)              Turns: 13196, Time: 00:27:57

HP:   -7/72 (79)    AC:  3    Str: 17    XL:     10   Next: 99%
MP:   10/10         EV: 11    Int: 12    God:    Yredelemnul [......]
Gold: 872           SH:  4    Dex: 11    Spells: 9/9 levels left

rFire   + + .        h - melded +3 scimitar (flame)
rCold   + + +        (shield currently unavailable)
rNeg    . . .        p - +3 leather armour {rF+}
rPois   +            (helmet restricted)
rElec   +            (no cloak)
rCorr   +            (gloves currently unavailable)
SInv    +            (no boots)
Will    .....        (no amulet)
Stlth   +++          k - ring of Kolozaus {rPois rC+++ Dex-3 SInv Stlth+}
HPRegen 0.32/turn    m - ring of flight
MPRegen 0.12/turn

%: no passive effects
@: mighty, lethally poisoned (-7 -> -11), blade hands, resistant, flying,
slowed, drained, very slow
A: antennae 2, demonic guardian 1, ignite blood 1, weakness stinger 2, demonic
touch 1, large bone plates 1, screaming 1
a: Begin Untransformation, Renounce Religion, Recall Undead Harvest


You were on level 10 of the Dungeon.
You worshipped Yredelemnul.
Yredelemnul was noncommittal.
You had blades for hands.
You visited 2 branches of the dungeon, and saw 11 of its levels.
You also visited: Ossuary.

You collected 872 gold pieces.

Inventory:

Hand Weapons
 h - a +3 scimitar of flaming (melded)
 n - a +3 scimitar
Missiles
 l - 3 throwing nets
 u - 5 javelins
 v - 25 poisoned darts
Armour
 p - a +3 leather armour of fire resistance (worn)
Jewellery
 e - a ring of positive energy
 k - the ring of Kolozaus (left blade hand) {rPois rC+++ Dex-3 SInv Stlth+}
   (You acquired it on level 6 of the Dungeon)

   [ring of poison resistance]

   Dex-3:     It affects your dexterity (-3).
   rC+++:     It renders you almost immune to cold.
   rPois:     It protects you from poison SInv: It lets you see invisible.
   Stlth+:    It makes you more stealthy.
 m - a ring of flight (right blade hand)
Talismans
 f - a granite talisman
 s - a blade talisman (active)
 t - a maw talisman
Wands
 a - a wand of iceblast (1)
 g - a wand of digging (3)
Scrolls
 c - 3 scrolls of fog
 d - 2 scrolls of revelation
 o - a scroll of fear
 q - 4 scrolls of teleportation
 r - 5 scrolls of amnesia
 B - 4 scrolls of identify
Potions
 b - a potion of resistance
 i - a potion of curing
 j - a potion of enlightenment
 w - a potion of magic
 x - 2 potions of might
 z - a potion of attraction
 A - 4 potions of haste
 C - a potion of ambrosia


   Skills:
 - Level 7.5 Fighting
 - Level 5.0 Long Blades
 - Level 2.0 Dodging
 - Level 4.6 Stealth
 * Level 12.2 Shapeshifting


You had 9 spell levels left.
You didn't know any spells.
Your spell library contained the following spells:

 Spells                   Type           Power      Damage    Failure   Level
 Sandblast                Erth           0%         2d4       38%         1
 Lesser Beckoning         Tloc           0%         N/A       52%         2
 Passwall                 Tmut/Erth      0%         N/A       52%         2
 Call Canine Familiar     Summ           0%         N/A       77%         3
 Gell's Gravitas          Tloc           0%         N/A       77%         3
 Sigil of Binding         Hex            0%         N/A       77%         3
 Stone Arrow              Conj/Erth      0%         3d7       77%         3
 Teleport Other           Tloc           0%         N/A       77%         3
 Tukima's Dance           Hex            0%         N/A       77%         3
 Brom's Barrelling Bould  Conj/Erth      0%         2d3       99%         4
 Dimensional Bullseye     Hex/Tloc       0%         N/A       99%         4
 Leda's Liquefaction      Hex/Erth       0%         N/A       99%         4
 Passage of Golubria      Tloc           0%         N/A       99%         4
 Yara's Violent Unravell  Hex/Tmut       0%         3d3       100%        5
 Dispersal                Tloc           0%         N/A       100%        6


Dungeon Overview and Level Annotations

Branches:
Dungeon (10/15)            Temple (1/1) D:4            Lair (0/5) D:9
Ossuary (visited)
    Orc: D:9-12

Altars:
Ashenzari
Cheibriados
Dithmenos
Fedhas
Gozag
Hepliaklqana
Kikubaaqudgha
Makhleb
Nemelex Xobeh
Okawaru
Qazlal
Ru
Sif Muna
Trog
Uskayaw
Vehumet
Wu Jian
Xom
Yredelemnul

Shops:
D:2 *   D:4 [   D:6 :*

Annotations:
D:10 Sonja


Innate Abilities, Weirdness & Mutations

You have blades for hands.
You are incapable of wielding weapons or throwing items.
You have a pair of antennae on your head.
A weak demonic guardian rushes to your aid.
Your demonic aura sometimes causes spilled blood to erupt in flames.
You have a tail ending in a sharp stinger.
Your touch may inflict minor irresistible damage on your foes.
You are partially covered in large bone plates. (SH +4)
You occasionally shout uncontrollably at your foes.


Message History

You feel sick.
Sonja zaps a wand.
The mass of ice explodes!
The iceblast engulfs you. You partially resist.
You feel sick. Sonja misses you.
Sonja hits you with a +0 short sword of venom.
You are more poisoned.
You block Sonja's attack.
You completely miss Sonja.
You feel very sick.
Sonja hits you with a +0 short sword of venom.
You block Sonja's attack. Sonja barely misses you.
Sonja hits you with a +0 short sword of venom. x2
Sonja completely misses you.
Unknown command.
You feel protected.
You feel sick. Sonja barely misses you. Sonja closely misses you.
You block Sonja's attack. x2
Sonja hits you with a +0 short sword of venom.
You are more poisoned.
Sonja closely misses you.
You feel better. Sonja closely misses you. Sonja barely misses you.
Sonja hits you with a +0 short sword of venom.
You are poisoned.
Sonja hits you with a +0 short sword of venom.
A demonic guardian appears!
Sonja hits you with a +0 short sword of venom.
* * * LOW HITPOINT WARNING * * *
Sonja hits you with a +0 short sword of venom.
* * * LOW HITPOINT WARNING * * *
You feel very mighty all of a sudden.
You feel sick.
Sonja hits you with a +0 short sword of venom.
* * * LOW HITPOINT WARNING * * *
A demonic guardian appears!
Sonja hits you with a +0 short sword of venom.
* * * LOW HITPOINT WARNING * * *
Sonja hits you with a +0 short sword of venom!
* * * LOW HITPOINT WARNING * * *
Sonja hits you with a +0 short sword of venom!
You die...
Your body rises from the dead as a mindless zombie.

#.# #.#
#.# #.#
#.# #.#
#5# #5#
#@#
#K########
#######
#.........
.......
#.........
.......
#.........
.......
#.......K.
.......
#.........
.......
#.........
.......
#.........
.......


You could see Sonja (ally target), a friendly white imp (summoned) and a
friendly ufetubus (summoned).

Vanquished Creatures
  Erica (D:8)
  Jeremiah (D:7)
  A komodo dragon (D:9)
  A hornet (D:9)
  A yak (D:9)
  Eustachio (D:5)
  Menkaure (D:5)
  4 steam dragons
  Grum (D:8)
  Edmund (D:6)
  4 water moccasins
  3 orc warriors
  2 ice beasts
  2 sky beasts
  5 black bears
  3 wolves (D:8)
  4 centaurs
  2 kobold brigands
  4 bullfrogs
  10 wights
  A scorpion (D:4)
  2 killer bees (D:9)
  A howler monkey (D:6)
  4 hounds
  3 orc priests
  Crazy Yiuf (D:5)
  A gnoll bouda (D:4)
  2 sleepcaps
  2 iguanas (D:4)
  Natasha (thrice) (D:2)
  8 orc wizards
  2 killer bee zombies (D:9)
  8 mummies (Ossuary)
  A spectral orc (D:9)
  15 gnolls
  8 adders
  2 shadow imps
  2 white imps
  2 ufetubi (D:6)
  3 gnoll zombies
  An iguana zombie (D:4)
  3 dart slugs
  33 orcs
  3 endoplasms
  2 giant cockroaches
  5 goblins
  7 hobgoblins
  6 jackals (D:1)
  5 quokkas
  9 ball pythons
  13 bats
  4 frilled lizards
  A goblin zombie (D:6)
  2 hobgoblin zombies (Ossuary)
  17 kobolds
  5 kobold zombies
  2 orc zombies (Ossuary)
  A quokka zombie (D:6)
  6 rats
248 creatures vanquished.

Vanquished Creatures (collateral kills)
  A komodo dragon (D:9)
  A wyvern (D:9)
  A water moccasin (D:9)
  A bullfrog (D:9)
  2 wights
  2 killer bees (D:9)
  An electric eel (D:6)
  A hound (D:6)
  A sleepcap (D:6)
  A white imp (D:7)
  3 orcs
  A kobold (D:9)
  An orc zombie (D:9)
17 creatures vanquished.

Vanquished Creatures (others)
  A smoke demon (Temple)
  2 water moccasin zombies
  A bullfrog zombie (D:9)
  A black bear zombie (D:7)
  An ice beast zombie (D:5)
  A sky beast zombie (D:8)
  A human zombie (D:6)
  2 steam dragon zombies
  A spectral shadow imp (D:8)
  2 spectral white imps
  An orc (D:6)
  A ball python zombie (D:4)
  4 kobold zombies
  10 orc zombies
  A spectral orc (D:9)
  2 spectral ufetubi (D:6)
32 creatures vanquished.

Grand Total: 297 creatures vanquished

Notes
Turn   | Place    | Note
-------+----------+-------------------------------------------
     0 | D:5      | Malachi the Demonspawn Delver began the quest for the Orb.
     0 | D:5      | Reached XP level 1. HP: 18/18 MP: 1/1
    18 | D:5      | Noticed Eustachio
    62 | D:4      | Noticed a hound
   710 | D:2      | Noticed Natasha
   740 | D:2      | Discovered your monstrous ancestry.
   740 | D:2      | Gained mutation: You have a small tail. [demonic ancestry]
   740 | D:2      | Reached XP level 2. HP: 24/24 MP: 2/2
   751 | D:2      | Found Icosaham's Assorted Antiques.
  1028 | D:1      | Gained mutation: Your demonic aura sometimes causes spilled
                  | blood to erupt in flames. [demonic ancestry]
  1028 | D:1      | Reached XP level 3. HP: 26/29 MP: 3/3
  1652 | D:2      | Killed Natasha
  1737 | D:2      | Gained mutation: You have a tail ending in a sharp stinger.
                  | [demonic ancestry]
  1737 | D:2      | Reached XP level 4. HP: 37/37 MP: 4/4
  1850 | D:2      | Noticed Natasha
  2296 | D:2      | Gained mutation: You have a pair of small antennae on your
                  | head. [demonic ancestry]
  2296 | D:2      | Reached XP level 5. HP: 36/43 MP: 5/5
  2359 | D:2      | Killed Natasha
  2500 | D:2      | Reached skill level 5 in Fighting
  2743 | D:2      | Noticed Natasha
  2755 | D:2      | Killed Natasha
  2756 | D:2      | Gained mutation: Your touch may inflict minor irresistible
                  | damage on your foes. [demonic ancestry]
  2756 | D:2      | Reached XP level 6. HP: 51/51 MP: 6/6
  3245 | D:3      | Found a faded altar of an unknown god.
  3397 | D:3      | Found a broken altar of Ashenzari.
  3523 | D:3      | Prayed at the altar of an unknown god.
  3523 | D:3      | Became a worshipper of Vehumet
  3523 | D:3      | Reached * piety under Vehumet
  3523 | D:3      | Offered knowledge of Magic Dart by Vehumet.
  3601 | D:4      | Noticed an ice beast
  3611 | D:4      | Killed an ice beast
  3612 | D:4      | Reached skill level 5 in Long Blades
  3612 | D:4      | Reached XP level 7. HP: 50/58 MP: 7/7
  3651 | D:4      | Found a staircase to the Ecumenical Temple.
  3828 | D:4      | Fell from the grace of Vehumet
  3905 | Temple   | Entered the Ecumenical Temple
  3905 | Temple   | Noticed a cacodemon
  3905 | Temple   | Noticed a neqoxec
  3905 | Temple   | Noticed a green death
  3905 | Temple   | Noticed an Executioner
  3905 | Temple   | Noticed a ynoxinul
  3906 | Temple   | Noticed an Executioner
  3906 | Temple   | Noticed Kubbukuk the pandemonium lord
  3906 | Temple   | Noticed Saoskaol the pandemonium lord
  3909 | Temple   | Noticed a green death
  3909 | Temple   | Noticed Uhesinus the pandemonium lord
  3910 | Temple   | Noticed a Hell Sentinel
  3936 | Temple   | Noticed a rust devil
  3938 | Temple   | Noticed a Brimstone Fiend
  3939 | Temple   | Noticed Ruler the pandemonium lord
  3946 | Temple   | Noticed a red devil
  3947 | Temple   | Noticed Coekez the pandemonium lord
  3947 | Temple   | Noticed an Executioner
  3974 | Temple   | Noticed a shadow demon
  3975 | Temple   | Noticed Ishrim the pandemonium lord
  3976 | Temple   | Noticed a Tzitzimitl
  4021 | Temple   | Became a worshipper of Yredelemnul the Dark
  4024 | Temple   | Noticed a Brimstone Fiend
  4027 | Temple   | Noticed a smoke demon
  4031 | Temple   | Killed a smoke demon
  4197 | D:4      | Reached * piety under Yredelemnul
  4348 | D:4      | Found a shimmering altar of Xom.
  4397 | D:4      | Found a hide-covered altar of Uskayaw.
  4435 | D:4      | Found Sodgh's Armour Shoppe.
  4476 | D:4      | Gained mutation: You are partially covered in large bone
                  | plates. (SH +4) [potion of mutation]
  4476 | D:4      | Gained mutation: You occasionally shout uncontrollably at
                  | your foes. [potion of mutation]
  4547 | D:5      | Reached skill level 1 in Shapeshifting
  4590 | D:5      | Found a snail-covered altar of Cheibriados.
  4601 | D:5      | Reached skill level 2 in Shapeshifting
  4602 | D:5      | Noticed Menkaure
  4628 | D:5      | Killed Menkaure
  4629 | D:5      | Reached skill level 3 in Shapeshifting
  4629 | D:5      | Gained mutation: A weak demonic guardian rushes to your
                  | aid. [demonic ancestry]
  4629 | D:5      | Reached XP level 8. HP: 28/67 MP: 8/8
  5257 | D:5      | Killed Eustachio
  5258 | D:5      | Reached skill level 4 in Shapeshifting
  5749 | D:5      | Found a runed translucent door.
  5750 | D:5      | Noticed Crazy Yiuf
  5920 | D:5      | Killed Crazy Yiuf
  6089 | D:6      | Noticed Edmund
  6101 | D:6      | Killed Edmund
  6102 | D:6      | Reached skill level 5 in Shapeshifting
  6138 | D:6      | Your ally Edmund died
  6324 | D:6      | Found a sand-covered staircase.
  6342 | Ossuary  | Entered an ossuary
  6752 | D:6      | Identified a scroll of acquirement
  6754 | D:6      | Acquired the ring of Kolozaus {rPois rC+++ Dex-3 SInv
                  | Stlth+}
  6777 | D:6      | Reached skill level 6 in Shapeshifting
  6796 | D:6      | Gained mutation: You have a pair of antennae on your head.
                  | [demonic ancestry]
  6796 | D:6      | Reached XP level 9. HP: 58/72 MP: 9/9
  7121 | D:6      | Reached skill level 7 in Shapeshifting
  7498 | D:6      | Found Muushren's Book Shop.
  7499 | D:6      | Found Ewegyr's Assorted Antiques.
  7685 | D:7      | Found an ornate altar of the Wu Jian Council.
  7733 | D:7      | Found a shimmering blue altar of Sif Muna.
  7751 | D:7      | Reached ** piety under Yredelemnul
  7759 | D:7      | Noticed Jeremiah
  7978 | D:7      | Reached skill level 8 in Shapeshifting
  8464 | D:7      | Killed Jeremiah
  8992 | D:8      | Reached skill level 9 in Shapeshifting
  9544 | D:8      | Noticed Erica
  9550 | D:8      | Killed Erica
  9551 | D:8      | Reached XP level 10. HP: 76/79 MP: 10/10
  9733 | D:8      | Reached skill level 10 in Shapeshifting
  9971 | D:8      | Noticed Grum
 10005 | D:8      | Killed Grum
 10878 | D:9      | Found an iron altar of Okawaru.
 11119 | D:9      | Found an ancient bone altar of Kikubaaqudgha.
 11179 | D:9      | Found a sacrificial altar of Ru.
 11284 | D:9      | Reached skill level 11 in Shapeshifting
 11592 | D:9      | Reached *** piety under Yredelemnul
 11698 | D:9      | Was forgiven by Vehumet
 12078 | D:9      | Found a staircase to the Lair.
 12109 | D:9      | Reached skill level 12 in Shapeshifting
 12186 | D:9      | Found a bloodstained altar of Trog.
 12537 | D:9      | Reached **** piety under Yredelemnul
 12606 | D:10     | Entered Level 10 of the Dungeon
 13114 | D:10     | Found a stormy altar of Qazlal.
 13186 | D:10     | Noticed Sonja
 13196 | D:10     | HP: 2/72 [Sonja/+0 short sword of venom (7)]
 13196 | D:10     | Mangled by Sonja

Illustrated notes

Levels and vault maps discovered:
D:1:      onia_arrival_mini_spirals, layout_basic, minmay_misc_feat_four_crosses
D:2:      layout_basic, serial_shops, nicolae_shop_trees, serial_forest,
          infiniplex_forest_lined_3, infiniplex_forest_lined_room_2,
          infiniplex_forest_straight_4, infiniplex_forest_lined_room_,
          infiniplex_forest_end_3, infiniplex_forest_lined_1,
          infiniplex_forest_fountain, hex_medium, minmay_quantized, uniq_natasha
D:3:      layout_rooms, mainiacjoe_overflow_paths,
          shapermc_ecumenical_altar_acropolis, roderic_batcave, hex_large
D:4:      minmay_opposing_rooms, layout_cave_pools, marbit_many_paths,
          mainiacjoe_overflow_surrounded_room, minmay_temple_entry_grid,
          serial_shops, kennysheep_mini_moat, guppyfry_early_lair_pool
D:5:      layout_basic, grunt_temple_overflow_open, uniq_eustachio,
          uniq_menkaure, uniq_crazy_yiuf_cottage
D:6:      layout_loops_cross, elyvilon_altar_1, enter_ossuary_4, st_stairs_2,
          nicolae_wooded_promenade, roderic_lattice_a, uniq_edmund
D:7:      layout_loops_ring, mainiacjoe_overflow_catch_the_wave,
          hangedman_glass_teeth, abandoned_shop, uniq_jeremiah
D:8:      layout_gridville, uniq_grum, uniq_erica
D:9:      layout_loops_ring, lemuel_round_altar, kennysheep_mini,
          nicolae_ru_awakened_eye, mainiacjoe_overflow_alcove_4,
          due_lair_maze_entry_diamond
D:10:     layout_long_grid, lemuel_round_altar, enter_bailey_8, uniq_sonja
Temple:   nicolae_temple_panitentiary

Skill      XL: |  1  2  3  4  5  6  7  8  9 10 |
---------------+-------------------------------+-----
Long Blades    | 2 3 4 5 |  5.0
Dodging        | 2 |  2.0
Fighting       | 4 5 6 7 |  7.5
Shapeshifting  | 3 6 9 12 | 12.2
Stealth        | |  4.6

Action                     |  1- 3 |  4- 6 |  7- 9 | 10-12 || total
---------------------------+-------+-------+-------+-------++-------
  Melee: Falchion          |   116 |    15 |       |       ||   131
         Tailslap          |    11 |    24 |    48 |    16 ||    99
         Punch             |     1 |     3 |     2 |       ||     6
         Scimitar          |       |   167 |   284 |    93 ||   544
         Touch             |       |    13 |    55 |    15 ||    83
         Unarmed           |       |       |       |    21 ||    21
         Maw               |       |       |       |    12 ||    12
 Invoke: Renounce Religion |       |       |     1 |       ||     1
  Evoke: Wand              |       |       |    11 |    20 ||    31
    Use: Scroll            |     5 |     2 |     6 |       ||    13
         Potion            |       |     1 |     6 |     5 ||    12
   Stab: Distracted        |     1 |       |       |     1 ||     2
         Sleeping          |     7 |     2 |     8 |     3 ||    20
         Invisible         |       |       |     1 |     1 ||     2
 Armour: Leather armour    |    73 |       |   147 |    83 ||   303
         Ring mail         |    21 |   119 |    72 |       ||   212
         Skin              |       |       |       |    59 ||    59
  Dodge: Dodged            |    96 |   125 |   163 |   110 ||   494
  Block: Other             |       |       |    50 |    35 ||    85
   Form: Blade             |       |       |       |     1 ||     1
         Maw               |       |       |       |     1 ||     1

Table legend: (Time is in decaauts)
 A = Elapsed time spent in this place.
 B = Non-inter-level travel time spent in this place.
 C = Inter-level travel time spent in this place.
 D = Time resting spent in this place.
 E = Time spent auto-exploring this place.
 F = Levels seen in this place.
 G = Mean time per level.
                   A        B        C        D        E       F      G
               +--------+--------+--------+--------+--------+-----+--------+
         Total |  13299 |  12746 |    553 |   3776 |   6208 |  12 | 1108.2 |
       Dungeon |  12750 |  12234 |    516 |   3558 |   6131 |  10 | 1275.0 |
        Temple |    135 |     99 |     36 |      0 |      0 |   1 |  135.0 |
       Ossuary |    413 |    413 |      0 |    218 |     77 |   1 |  413.0 |
               +--------+--------+--------+--------+--------+-----+--------+

Top non-repeatable levels by time:
     D:9: 2432 daAuts
     D:2: 1781 daAuts
     D:5: 1624 daAuts
     D:7: 1589 daAuts
     D:8: 1330 daAuts
     D:6: 1169 daAuts
     D:1: 874 daAuts
     D:3: 872 daAuts
     D:4: 862 daAuts
 Ossuary: 413 daAuts
    D:10: 212 daAuts
  Temple: 135 daAuts
